 Dungeon Crawl Stone Soup version 0.21-a0-401-g0b6bec4 (webtiles) character file.

631 4thArraOfDagon the Cutter (level 7, -6/44 HPs)
             Began as a Deep Elf Chaos Knight on Oct 24, 2017.
             Blown up by an orc (15 damage)
             ... with a wand of disintegration (?/24)
             ... on level 8 of the Dungeon.
             The game lasted 00:07:58 (1638 turns).

4thArraOfDagon the Cutter (Deep Elf Chaos Knight)   Turns: 1638, Time: 00:07:58

Health: -6/44      AC:  8    Str: 14    XL:     7   Next: 24%
Magic:  13/13      EV: 13    Int: 19    God:    Xom [..*...]
Gold:   131        SH:  0    Dex: 14    Spells: 12/12 levels left

rFire    . . .     SeeInvis .   a - +2 short sword (chaos)
rCold    . . .     Gourm    .   (no shield)
rNeg     . . .     Faith    .   b - +2 leather armour
rPois    .         Spirit   .   (no helmet)
rElec    .         Reflect  .   (no cloak)
rCorr    .         Harm     .   (no gloves)
MR       .....                  p - +2 pair of boots
Stlth    +.........             (no amulet)
HPRegen  0.14/turn              (no ring)
MPRegen  0.13/turn              (no ring)

@: mighty
A: no striking features
a: Renounce Religion


You were on level 8 of the Dungeon.
You worshipped Xom.
You were a toy of Xom.
You were not hungry.

You visited 1 branch of the dungeon, and saw 7 of its levels.

You collected 131 gold pieces.

Inventory:

Hand Weapons
 a - a +2 short sword of chaos (weapon)
Armour
 b - a +2 leather armour (worn)
 f - a +0 pair of gloves
 p - a +2 pair of boots (worn)
Jewellery
 e - an uncursed ring of stealth {unknown}
Scrolls
 d - a scroll of magic mapping {unknown}
 g - a scroll of blinking
 h - a scroll of immolation {unknown}
 i - a scroll of random uselessness {unknown}
 j - a scroll of fog
Potions
 l - a potion of haste
Comestibles
 c - 2 bread rations
 k - 4 chunks of flesh


   Skills:
 + Level 4.4 Fighting
 - Level 6.2 Short Blades
 - Level 1.0 Armour
 - Level 3.2 Dodging
 + Level 3.2 Spellcasting


You had 12 spell levels left.
You didn't know any spells.

Dungeon Overview and Level Annotations

Branches:
Dungeon (9/15)             Temple (0/1) D:7
   Lair: D:8-11         Orc: D:9-12

Altars:
Fedhas
Hepliaklqana
Trog
Yredelemnul
The Shining One

Annotations:
D:7 Monsterracer's ghost, novice HOEE
D:8 1 runed door, flaggy's ghost, novice DsFE


Message History

The orc wizard hits you but does no damage.
The orc hits you but does no damage. The orc barely misses you.
Unknown command.
You hit the orc wizard.
The orc wizard is moderately wounded.
The orc wizard hits you but does no damage.
The orc hits you but does no damage.
Unknown command.
You closely miss the orc wizard.
The orc wizard is moderately wounded.
The orc wizard barely misses you. The orc hits you with a hand axe!
* * * LOW HITPOINT WARNING * * *
Unknown command.
It was a potion of might.
You feel very mighty all of a sudden.
Xom roars with laughter!
The orc wizard closely misses you. The orc barely misses you.
The orc zaps a wand.
You are blasted!
You die...
Xom titters!

##### #.oo#
...o...#@#
.....o.#o#
.......#.#
.......#.#
..oo...#.#####
......##.....#
###### #####.#
#.# #.#


You could see an orc wizard and 2 orcs.

Vanquished Creatures
  Prince Ribbit (D:6)
  A centaur (D:6)
  A bullfrog (D:8)
  2 howler monkeys (D:8)
  A crimson imp (D:6)
  A jelly (D:6)
  An orc priest (D:8)
  A bullfrog skeleton (D:8)
  A worker ant (D:8)
  3 adders
  A shadow imp (D:7)
  A worm (D:2)
  2 dart slugs
  3 giant cockroaches
  5 goblins
  5 hobgoblins
  3 jackals (D:9)
  7 kobolds
  3 bats
  2 frilled lizards (D:1)
  9 rats
54 creatures vanquished.

Vanquished Creatures (collateral kills)
  2 adders
  A giant cockroach (D:2)
3 creatures vanquished.

Vanquished Creatures (others)
  A phantom (D:7)
  A rat (D:1)
2 creatures vanquished.

Grand Total: 59 creatures vanquished

Notes
Turn   | Place    | Note
-------+----------+-------------------------------------------
     0 | D:1      | 4thArraOfDagon the Deep Elf Chaos Knight began the quest for the Orb.
     0 | D:1      | Reached XP level 1. HP: 13/13 MP: 3/3
    18 | D:1      | XOM: harmless Ice miscast
   117 | D:1      | Reached skill level 1 in Armour
   199 | D:1      | XOM: confuse monster(s)
   201 | D:1      | Reached XP level 2. HP: 18/18 MP: 4/4
   238 | D:1      | XOM: god gift: 20 gold pieces
   359 | D:2      | Found a blossoming altar of Fedhas.
   416 | D:2      | XOM: summons friendly iron imp
   489 | D:2      | Reached XP level 3. HP: 6/22 MP: 5/5
   961 | D:3      | Reached skill level 4 in Short Blades
   994 | D:3      | Reached XP level 4. HP: 24/27 MP: 6/6
  1023 | D:3      | Found a hazy altar of Hepliaklqana.
  1057 | D:3      | You fall through a shaft for 3 floors!
  1058 | D:6      | :O
  1058 | D:6      | Noticed Prince Ribbit
  1059 | D:6      | Noticed a centaur
  1064 | D:6      | HP: 1/27 [centaur (1)]
  1075 | D:6      | XOM: swap monsters
  1079 | D:6      | Killed Prince Ribbit
  1079 | D:6      | Reached skill level 5 in Short Blades
  1079 | D:6      | Reached XP level 5. HP: 32/32 MP: 7/7
  1094 | D:6      | XOM: swap monsters
  1097 | D:6      | Killed a centaur
  1097 | D:6      | Reached XP level 6. HP: 37/38 MP: 8/8
  1125 | D:6      | XOM: harmless Erth miscast
  1169 | D:6      | Reached skill level 6 in Short Blades
  1169 | D:6      | Reached skill level 1 in Spellcasting
  1178 | D:6      | Found a basalt altar of Yredelemnul.
  1179 | D:6      | Found a bloodstained altar of Trog.
  1181 | D:6      | Found a glowing golden altar of the Shining One.
  1256 | D:8      | Noticed flaggy's ghost (novice DsFE)
  1304 | D:7      | XOM: potion effect (invisibility)
  1306 | D:7      | XOM: fog
  1313 | D:7      | XOM: divine lightning
  1316 | D:7      | Noticed an orc warrior
  1320 | D:7      | Noticed Monsterracer's ghost (novice HOEE)
  1342 | D:7      | XOM: cleaving
  1346 | D:7      | XOM: potion effect (curing)
  1347 | D:7      | Found a staircase to the Ecumenical Temple.
  1365 | D:7      | Noticed a hippogriff
  1366 | D:7      | XOM: enchant monster (good)
  1372 | D:7      | XOM: divination: magic mapping
  1373 | D:7      | XOM: destruction
  1374 | D:7      | XOM: divination: detect items
  1399 | D:8      | XOM: noise
  1460 | D:9      | Noticed a wyvern
  1489 | D:8      | Reached XP level 7. HP: 42/43 MP: 10/12
  1573 | D:8      | Found a runed door.
  1573 | D:8      | Noticed a sixfirhy
  1638 | D:8      | Blown up by an orc

Vault maps used:
D:1:      giann_bridges
D:2:      fedhas_altar_2
D:3:      nicolae_overflow_crystal_walls, minmay_overflow_temple_star_quad,
          minmay_item_behind_shaft
D:6:      grunt_temple_overflow_open, serial_shops, kennysheep_mini_moat,
          nicolae_shop_stone, shop_fountains, shop, uniq_prince_ribbit1
D:7:      temple_fountains
D:8:      cheibrodos_shockbox, lemuel_round_altar
D:9:      minmay_lair_entry_lava, zombieorc1_lemuel

Skill      XL: |  1  2  3  4  5  6  7 |
---------------+----------------------+-----
Armour         | 1 |  1.0
Dodging        | 3 |  3.2
Short Blades   | 4 5 6 |  6.2
Fighting       | 3 4 |  4.4
Spellcasting   | 2 3 |  3.2

Action                   |  1- 3 |  4- 6 |  7- 9 || total
-------------------------+-------+-------+-------++-------
Melee: Short sword       |   142 |    88 |    30 ||   260
  Use: Potion            |       |     4 |     1 ||     5
       Scroll            |       |     6 |     2 ||     8
 Stab: Sleeping          |     2 |       |       ||     2
       Paralysed         |     1 |     2 |       ||     3
       Confused          |       |     1 |     1 ||     2
  Eat: Meat ration       |       |     1 |       ||     1
Armor: Leather armour    |    33 |    11 |    11 ||    55
       Skin              |       |    37 |       ||    37
Dodge: Dodged            |    75 |    25 |    13 ||   113

Table legend:
 A = Spawn XP
 B = Non-spawn XP
 C = Spawn XP percentage of total XP
 D = Spawn monster count
 E = Non-spawn monster count
 F = Spawn count percentage of total count
 G = Total turns spent on level
                    A         B        C        D         E        F      G
               +---------+---------+-------+---------+---------+-------+---------
         Total |       0 |     902 |   0.0 |       0 |      58 |   0.0 |  1638
               +---------+---------+-------+---------+---------+-------+---------
           D:1 |       0 |      22 |   0.0 |       0 |      15 |   0.0 |   341
           D:2 |       0 |      52 |   0.0 |       0 |      19 |   0.0 |   438
           D:3 |       0 |      30 |   0.0 |       0 |       8 |   0.0 |   278
           D:6 |       0 |     461 |   0.0 |       0 |       4 |   0.0 |   142
           D:7 |       0 |      12 |   0.0 |       0 |       1 |   0.0 |   159
           D:8 |       0 |     318 |   0.0 |       0 |       7 |   0.0 |   251
           D:9 |       0 |       7 |   0.0 |       0 |       4 |   0.0 |    29
               +---------+---------+-------+---------+---------+-------+---------
